 Dungeon Crawl Stone Soup version 0.30-a0-956-gcec3b41aec (webtiles) character file.

Game seed: 3780246015694917714

44 bande the Trooper (level 3, -5/24 HPs)
             Began as a Gargoyle Fighter on Mar 29, 2023.
             Slain by a gnoll
             ... wielding a +0 halberd
              (9 damage)
             ... on level 2 of the Dungeon.
             The game lasted 00:01:15 (470 turns).

bande the Trooper (Gargoyle Fighter)                 Turns: 470, Time: 00:01:15

Health: -5/24      AC: 11    Str: 19    XL:     3   Next: 60%
Magic:  3/3        EV:  7    Int:  8    God:
Gold:   18         SH:  8    Dex: 11    Spells: 2/2 levels left

rFire   . . .      SeeInvis .    a - +0 war axe
rCold   . . .      Faith    .    i - +0 kite shield
rNeg    + . .      Spirit   .    b - +0 scale mail
rPois   ∞          Reflect  .    (no helmet)
rElec   +          Rampage  .    (no cloak)
rCorr   .                        (no gloves)
Will    .....                    j - +0 pair of boots Stlth
                                 (no amulet)
HPRegen 0.24/turn                (no ring)
MPRegen 0.08/turn                (no ring)

@: no status effects
A: sickness immunity, AC +3, negative energy resistance 1, electricity
resistance, torment resistance 1, petrification resistance
a: no special abilities


You were on level 2 of the Dungeon.
You visited 1 branch of the dungeon, and saw 2 of its levels.

You collected 18 gold pieces.

Inventory:

Hand Weapons
 a - a +0 war axe (weapon)
Armour
 b - a +0 scale mail (worn)
 i - a +0 kite shield (worn)
 j - a +0 pair of boots (worn)
Jewellery
 f - a ring of magical power
Potions
 c - a potion of ambrosia {unknown}
 d - a potion of might
 e - 2 potions of curing {unknown}
 g - a potion of lignification {unknown}
 h - 2 potions of heal wounds {unknown}


   Skills:
 + Level 3.8 Fighting
 + Level 2.2 Axes
 + Level 3.7 Armour
 + Level 3.7 Shields


You had 2 spell levels left.
You didn't know any spells.
Your spell library was empty.

Dungeon Overview and Level Annotations

Branches:
Dungeon (2/15)

Altars:


Innate Abilities, Weirdness & Mutations

You are immune to sickness and miasma.
Your stone body is resilient. (AC +3)
You are immune to poison.
You resist negative energy. (rN+)
You are resistant to electric shocks. (rElec)
You are resistant to unholy torment.
You are immune to petrification.


Message History

You block the gnoll's attack.
You hit the gnoll but do no damage. The gnoll closely misses you.
You barely miss the gnoll. The gnoll hits you but does no damage.
You block the gnoll's attack.
You slash the gnoll!
The gnoll is almost dead.
The gnoll hits you with a +0 whip! You block the gnoll's attack.
You slash the gnoll!
You kill the gnoll!
The gnoll hits you from afar with a +0 halberd.
The gnoll closely misses you. The gnoll hits you but does no damage.
Things that are here:
a +0 whip; a gnoll corpse You hit the gnoll but do no damage.
The gnoll hits you with a +0 halberd. The gnoll barely misses you.
You are too injured to fight recklessly!
You are too injured to fight recklessly!
You are too injured to fight recklessly!
You are too injured to fight recklessly!
You are too injured to fight recklessly!
You are too injured to fight recklessly!
You are too injured to fight recklessly!
You are too injured to fight recklessly!
You closely miss the gnoll. The gnoll hits you but does no damage.
You hit the gnoll.
The gnoll is lightly wounded.
The gnoll hits you with a +0 halberd.
* * * LOW HITPOINT WARNING * * *
You block the gnoll's attack.
You hit the gnoll but do no damage.
The gnoll is lightly wounded.
The gnoll hits you with a +0 halberd.
* * * LOW HITPOINT WARNING * * *
You hit the gnoll but do no damage.
The gnoll is lightly wounded.
The gnoll hits you with a +0 halberd.
* * * LOW HITPOINT WARNING * * *
The gnoll hits you with a +0 halberd!
You die...

### #.# #g# #g#
########### #@#
###.........####.#
................>#
###.#######...†..#
#.#######.######
#.##......# #
#.##...##.##### #
#.##...##.....# #
#........####.#


You could see 2 gnolls.

Vanquished Creatures
  A gnoll (D:2)
  A worm (D:2)
  A dart slug (D:1)
  2 endoplasms (D:1)
  3 giant cockroaches (D:1)
  A goblin (D:1)
  4 hobgoblins (D:1)
  3 ball pythons (D:1)
  5 bats (D:1)
  3 kobolds (D:1)
  5 rats
29 creatures vanquished.

Notes
Turn   | Place    | Note
-------+----------+-------------------------------------------
     0 | D:1      | bande the Gargoyle Fighter began the quest for the Orb.
     0 | D:1      | Reached XP level 1. HP: 14/14 MP: 1/1
   102 | D:1      | Reached XP level 2. HP: 19/19 MP: 2/2
   270 | D:1      | Reached XP level 3. HP: 19/24 MP: 3/3
   470 | D:2      | Slain by a gnoll

Illustrated notes

Levels and vault maps discovered:
D:1:      mrwooster_arrival_arrow, layout_rooms
D:2:      layout_basic, basic_altar, uniq_terence

Skill      XL: |  1  2 |
---------------+-------+-----
Axes           | 2 |  2.2
Fighting       | |  3.8
Armour         | |  3.7
Shields        | |  3.7

Action                     || total
---------------------------++-------
  Melee: War axe           ||    66
    Use: Scroll            ||     1
 Armour: Scale mail        ||    44
  Dodge: Dodged            ||    47
  Block: Buckler           ||     5
         Kite shield       ||    27

Table legend: (Time is in decaauts)
 A = Elapsed time spent in this place.
 B = Non-inter-level travel time spent in this place.
 C = Inter-level travel time spent in this place.
 D = Time resting spent in this place.
 E = Time spent auto-exploring this place.
 F = Levels seen in this place.
 G = Mean time per level.
                   A        B        C        D        E       F      G
               +--------+--------+--------+--------+--------+-----+--------+
         Total |    503 |    458 |     45 |      0 |    239 |   2 |  251.5 |
       Dungeon |    503 |    458 |     45 |      0 |    239 |   2 |  251.5 |
               +--------+--------+--------+--------+--------+-----+--------+

Top non-repeatable levels by time:
     D:1: 417 daAuts
     D:2: 86 daAuts
